 Dungeon Crawl Stone Soup version 0.28.0-53-g5a82cb258f (webtiles) character file.

Game seed: 4270818441324785246

105 bwicke the Chiller (level 4, -5/33 HPs)
             Began as a Draconian Ice Elementalist on Aug 11, 2022.
             Slain by a gnoll
             ... wielding a +0 halberd
              (7 damage)
             ... on level 3 of the Dungeon.
             The game lasted 00:05:39 (2217 turns).

bwicke the Chiller (Draconian Ice Elementalist)     Turns: 2217, Time: 00:05:39

Health: -5/33      AC:  5    Str: 10    XL:     4   Next: 54%
Magic:  10/16      EV: 12    Int: 17    God:
Gold:   84         SH:  0    Dex: 12    Spells: 3/7 levels left

rFire   . . .      SeeInvis .   h - +2 dagger (speed)
rCold   . . .      Faith    .   (no shield)
rNeg    . . .      Spirit   .   (armour unavailable)
rPois   .          Reflect  .   (helmet restricted)
rElec   .          Harm     .   (no cloak)
rCorr   .          Rampage  .   (no gloves)
Will    .....                   (no boots)
Stlth   ++........              (no amulet)
HPRegen 0.11/turn               e - ring of magical power
MPRegen 0.15/turn               (no ring)

@: no status effects
A: AC +5, unfitting armour, cold-blooded
a: no special abilities


You were on level 3 of the Dungeon.
You visited 1 branch of the dungeon, and saw 3 of its levels.

You collected 84 gold pieces.

Inventory:

Hand Weapons
 b - a +0 club
 f - a +0 short sword
 g - a +3 falchion
 h - a +2 dagger of speed (weapon)
Missiles
 d - 158 stones
 i - 24 sling bullets
Jewellery
 e - a ring of magical power (left hand)
Scrolls
 c - a scroll of immolation {unknown}
 j - a scroll of teleportation
 k - a scroll of enchant weapon {unknown}
Potions
 a - a potion of invisibility {unknown}
 l - a potion of heal wounds {unknown}
 m - a potion of degeneration {unknown}


   Skills:
 - Level 1.7 Dodging
 - Level 1.7 Stealth
 - Level 2.0 Spellcasting
 + Level 6.0 Ice Magic


You had 3 spell levels left.
You knew the following spells:

 Your Spells              Type           Power      Damage    Failure   Level
a - Freeze                Ice            88%        1d10      1%          1
b - Frozen Ramparts       Ice            44%        1d6       4%          3

Your spell library contained the following spells:

 Spells                   Type           Power      Damage    Failure   Level
 Ozocubu's Armour         Ice            22%        N/A       4%          3
 Conjure Flame            Conj/Fire      1%         6-21      50%         3
 Ignite Poison            Fire/Tmut/Pois 1%         N/A       50%         3
 Hailstorm                Conj/Ice       12%        3d5       50%         4
 Sticky Flame             Conj/Fire      1%         2d3       88%         4
 Summon Lightning Spire   Summ/Air       1%         N/A       88%         4
 Storm Form               Tmut/Air       0%         N/A       100%        7
 Maxwell's Capacitive Co  Air            0%         ∞         100%        8


Dungeon Overview and Level Annotations

Branches:
Dungeon (3/15)

Altars:

Shops:
D:1 *


Innate Abilities, Weirdness & Mutations

Your plain brown scales are hard. (AC +5)
You cannot fit into any form of body armour.
You are cold-blooded and may be slowed by cold attacks.


Message History

You closely miss the gnoll.
The gnoll is almost dead.
The wall freezes the gnoll. x2
You kill the gnoll!
The wall freezes the gnoll. x2
You hit the gnoll but do no damage.
The gnoll is almost dead.
The wall freezes the gnoll.
You kill the gnoll!
The wall freezes the gnoll.
You kill the gnoll!
Your Ice Magic skill increases to level 6!
The wall freezes the gnoll.
The gnoll barely misses you.
The frozen ramparts melt away.
The gnoll hits you from afar with a +0 halberd!
The gnoll hits you with a +0 halberd!
Things that are here:
a +0 whip; a +0 flail; a +0 club
Casting: Frozen Ramparts (dangerous; 4% risk of failure)
Confirm with . or Enter, or press ? or * to list all spells.
Casting: Frozen Ramparts (dangerous; 4% risk of failure)
Press: ? - help, Dir - look around, f - activate You miscast Frozen Ramparts.
You are very lightly contaminated with residual magic.
Nothing appears to happen.
The gnoll hits you with a +0 halberd.
* * * LOW HITPOINT WARNING * * *
Aiming: Freeze (safe; 1% risk of failure)
Press: ? - help, Q - select action, (/) - cycle Shift-Dir - straight line, f - gnoll
Aim: a gnoll, wielding a +0 halberd (lightly wounded)
You freeze the gnoll.
The gnoll is moderately wounded.
The gnoll hits you with a +0 halberd!
* * * LOW HITPOINT WARNING * * *
Okay, then.
Okay, then.
Unknown command.
The gnoll barely misses you.
Your magical contamination has completely faded away.
The gnoll hits you from afar with a +0 halberd!
You die...

###
##########.#
#)).....g..#
#.########@#
#.########.#
#.......<#.#
#...#...##.#
+...+......#
#.g.#......#
#...#......#
#...#......#
...##......#


You could see a gnoll.

Vanquished Creatures
  4 gnolls (D:3)
  2 adders (D:2)
  2 dart slugs (D:1)
  4 endoplasms
  A giant cockroach (D:1)
  3 goblins
  3 hobgoblins
  6 jackals (D:1)
  6 kobolds
  4 ball pythons
  4 bats
  3 frilled lizards
  4 rats
46 creatures vanquished.

Notes
Turn   | Place    | Note
-------+----------+-------------------------------------------
     0 | D:1      | bwicke the Draconian Ice Elementalist began the quest for
                  | the Orb.
     0 | D:1      | Reached XP level 1. HP: 14/14 MP: 3/3
   227 | D:1      | Reached XP level 2. HP: 10/20 MP: 0/5
   844 | D:1      | Reached skill level 5 in Ice Magic
   844 | D:1      | Reached XP level 3. HP: 25/26 MP: 6/6
   848 | D:1      | Learned a level 3 spell: Frozen Ramparts
   853 | D:1      | Found Loeckaclau's General Store.
  1703 | D:2      | Found a faded altar of an unknown god.
  2181 | D:3      | Reached XP level 4. HP: 33/33 MP: 7/7
  2205 | D:3      | Reached skill level 6 in Ice Magic
  2209 | D:3      | HP: 1/33 [gnoll/+0 halberd (8)]
  2217 | D:3      | Slain by a gnoll

Illustrated notes

Levels and vault maps discovered:
D:1:      dpeg_arrival_leaves_temple_mockup, layout_basic, serial_shops,
          nicolae_diamond_shop
D:2:      layout_basic, shapermc_ecumenical_altar_hornbeckon, chequers_big_river
D:3:      layout_basic, gammafunk_temple_overflow_pools,
          nicolae_overflow_hidden_temple, lemuel_coloured_pillars_altar,
          minmay_crystal_water, serial_bayou_pond_e, minmay_vboxes

Skill      XL: |  1  2  3  4 |
---------------+-------------+-----
Ice Magic      | 5 6 |  6.0
Dodging        | |  1.7
Stealth        | |  1.7
Spellcasting   | |  2.0

Action                   |  1- 3 |  4- 6 || total
-------------------------+-------+-------++-------
Melee: Club              |    34 |       ||    34
       Tailslap          |     8 |     1 ||     9
       Unarmed           |     2 |       ||     2
       Punch             |     1 |       ||     1
       Dagger            |    46 |     5 ||    51
       Short sword       |     4 |       ||     4
       Falchion          |     4 |       ||     4
 Cast: Freeze            |    22 |     1 ||    23
       Frozen Ramparts   |     3 |     1 ||     4
  Use: Scroll            |     1 |       ||     1
 Stab: Sleeping          |     1 |       ||     1
Armor: Skin              |    37 |       ||    37
Dodge: Dodged            |    93 |     4 ||    97
